 Dungeon Crawl Stone Soup version 0.30.1 (webtiles) character file.

Game seed: 6221923769992388049

72 Babbit the Chiller (level 4, 31/31 HPs)
             Began as a Human Ice Elementalist on July 10, 2023.
             Quit the game on level 3 of the Dungeon.
             The game lasted 00:22:17 (1790 turns).

Babbit the Chiller (Human Ice Elementalist)         Turns: 1790, Time: 00:22:17

Health: 31/31      AC:  4    Str:  8    XL:     4   Next: 50%
Magic:  7/8        EV: 12    Int: 17    God:
Gold:   92         SH:  0    Dex: 14    Spells: 4/8 levels left

rFire   . . .        l - +2 quarterstaff (chaos)
rCold   . . .        (shield currently unavailable)
rNeg    . . .        a - +0 robe
rPois   .            (no helmet)
rElec   .            m - +1 cloak
rCorr   .            (no gloves)
SInv    .            (no boots)
Will    .....        (no amulet)
Stlth   ++           (no ring)
HPRegen 0.25/turn    (no ring)
MPRegen 0.11/turn

%: no passive effects
@: no status effects
A: no striking features
a: no special abilities


You were on level 3 of the Dungeon.
You visited 1 branch of the dungeon, and saw 3 of its levels.

You collected 92 gold pieces.

Inventory:

Hand Weapons
 e - a +0 quarterstaff
 l - a +2 quarterstaff of chaos (weapon)
Missiles
 p - 6 stones
Armour
 a - a +0 robe (worn)
 m - a +1 cloak (worn)
Magical Staves
 k - a staff of cold
Scrolls
 g - 2 scrolls of poison {unknown}
 h - a scroll of fear {unknown}
 i - 2 scrolls of identify
 o - a scroll of immolation {unknown}
Potions
 b - a potion of magic
 c - a potion of invisibility {unknown}
 d - 2 potions of ambrosia
 f - a potion of lignification {unknown}
 j - 2 potions of flight {unknown}
 n - 2 potions of curing {unknown}
 q - a potion of haste {unknown}


   Skills:
 + Level 0.4 Fighting
 + Level 0.4 Staves
 + Level 0.2 Throwing
 + Level 2.4 Dodging
 + Level 2.2 Stealth
 + Level 2.7 Spellcasting
 + Level 4.7 Ice Magic


You had 4 spell levels left.
You knew the following spells:

 Your Spells              Type           Power      Damage    Failure   Level
a - Freeze                Ice            72%        1d8       2%          1
b - Frozen Ramparts       Ice            36%        1d6       8%          3

Your spell library contained the following spells:

 Spells                   Type           Power      Damage    Failure   Level
 Ozocubu's Armour         Ice            18%        N/A       8%          3
 Necrotise                Necr           8%         1d4       19%         1
 Vampiric Draining        Necr           2%         2d6       47%         3
 Summon Ice Beast         Ice/Summ       10%        N/A       56%         4
 Agony                    Necr           2%         N/A       99%         5


Dungeon Overview and Level Annotations

Branches:
Dungeon (3/15)

Altars:


Message History

You freeze the ufetubus but do no damage.
The ufetubus completely resists.
The ufetubus hits you but does no damage.
The ufetubus hits you.
Casting: Freeze (safe; 2% risk of failure)
Confirm with . or Enter, or press ? or * to list all spells.
Aiming: Freeze (safe; 2% risk of failure)
Press: ? - help, Shift-Dir - straight line, f/p - ufetubus
Aim: an ufetubus (heavily wounded)
You freeze the ufetubus.
The ufetubus resists.
You kill the ufetubus!
Found a scroll of noise and 6 stones.
You now have 75 gold pieces (gained 7).
Found 17 gold pieces.
o - a scroll labelled MUIME JOLAPRA You see here 6 stones.
p - 6 stones HP restored.
Unknown command.
Unknown command.
Unknown command.
Unknown command.
Unknown command.
Unknown command.
Unknown command.
Found a sedimented pink potion.
You now have 92 gold pieces (gained 17).
q - a sedimented pink potion Unknown command.
Unknown command.
Unknown command.
Unknown command.
Unknown command.
Unknown command.
Unknown command.
Okay, then.
Unknown command.
Unknown command.
Unknown command.
Are you sure you want to abandon this character and quit the game? (Confirm with "yes".)

..# ..# ..# .#
### #.# #.# #.#
#######.##
#........#
#...@....# ##
#........# .##
#........######
.^######
#..............
#......####
#........######
######....#
#........#
####.#########.##
#......###.....#
#......>......##


There were no monsters in sight!

Vanquished Creatures
  Crazy Yiuf (D:2)
  An ufetubus (D:3)
  A worm (D:2)
  A dart slug (D:2)
  2 bats
  An endoplasm (D:2)
  5 giant cockroaches
  2 goblins
  3 hobgoblins
  3 kobolds (D:1)
  2 quokkas
  4 ball pythons
  A frilled lizard (D:2)
  6 rats
33 creatures vanquished.

Notes
Turn   | Place    | Note
-------+----------+-------------------------------------------
     0 | D:1      | Babbit the Human Ice Elementalist began the quest for the
                  | Orb.
     0 | D:1      | Reached XP level 1. HP: 13/13 MP: 3/3
   126 | D:1      | Reached XP level 2. HP: 19/19 MP: 1/5
   184 | D:1      | Found a faded altar of an unknown god.
   752 | D:2      | Reached XP level 3. HP: 24/24 MP: 3/6
  1050 | D:2      | Found a runed translucent door.
  1365 | D:2      | Learned a level 3 spell: Frozen Ramparts
  1619 | D:2      | Noticed Crazy Yiuf
  1628 | D:2      | Killed Crazy Yiuf
  1629 | D:2      | Reached XP level 4. HP: 20/31 MP: 3/7
  1790 | D:3      | Quit the game

Illustrated notes

Levels and vault maps discovered:
D:1:      psy_arrival_spokes, layout_basic, basic_ecumenical_altar
D:2:      layout_basic, uniq_crazy_yiuf_cottage
D:3:      layout_basic, mainiacjoe_overflow_alcove_2

Action                     |  1- 3 |  4- 6 || total
---------------------------+-------+-------++-------
  Melee: Short sword       |     9 |       ||     9
         Quarterstaff      |    23 |     1 ||    24
  Throw: Stone             |    19 |       ||    19
   Cast: Freeze            |    39 |     3 ||    42
    Use: Scroll            |     3 |       ||     3
   Stab: Sleeping          |     1 |       ||     1
 Armour: Robe              |     5 |     1 ||     6
  Dodge: Dodged            |    38 |     3 ||    41
